TOP OF THE 1ST |
Corpus Christi Hooks batting - Pitching for Midland RockHounds : RHP Mike Staley
|
Pitching: RHP Mike Staley
|
|
Batting: RHB Antonio Aranda
|
0-0: Called Strike 0-1: Swinging Strike 0-2: Ball 1-2: Strikes out swinging
|
Batting: RHB Antonio Gamez
|
0-0: Swinging Strike 0-1: Swinging Strike 0-2: Foul Ball, location: 2F 0-2: Strikes out swinging
|
Batting: LHB Angelo Vasquez
|
0-0: Called Strike 0-1: Ball 1-1: Swinging Strike 1-2: Ball 2-2: Ball 3-2: Base on Balls
|
Batting: LHB Sean Trueblood
|
0-0: Ball 1-0: Foul Ball, location: 2F 1-1: Foul Ball, location: 2F 1-2: Strikes out swinging
|
Top of the 1st over - 0 runs, 0 hits, 0 errors, 1 left on base; Corpus Christi 0 - Midland 0 |
BOTTOM OF THE 1ST |
Midland RockHounds batting - Pitching for Corpus Christi Hooks : RHP Ricardo Acosta
|
Pitching: RHP Ricardo Acosta
|
|
Batting: RHB Mario Ramos
|
0-0: Called Strike 0-1: Ball 1-1: Ball 2-1: Foul Ball, location: 2F 2-2: Strikes out looking
|
Batting: RHB Josh Sinden
|
0-0: Called Strike 0-1: Called Strike 0-2: Strikes out swinging
|
Batting: RHB Kevin Wiles
|
0-0: Called Strike 0-1: Ball 1-1: Foul Ball, location: 2F 1-2: Fly out, F9 (Flyball, 89S, EV 76.9 MPH)
|
Bottom of the 1st over - 0 runs, 0 hits, 0 errors, 0 left on base; Corpus Christi 0 - Midland 0 |
TOP OF THE 2ND |
Corpus Christi Hooks batting - Pitching for Midland RockHounds : RHP Mike Staley
|
Batting: LHB Daniel Lopez
|
0-0: Ball 1-0: DOUBLE (Flyball, 78D, EV 95.6 MPH)
|
Batting: RHB Jim Huff
|
0-0: Called Strike 0-1: Foul Ball, location: 2F 0-2: Strikes out swinging
|
Batting: RHB Chris McGrath
|
0-0: Foul Ball, location: 2F 0-1: Fly out, F9 (Flyball, 89D, EV 78.8 MPH)
|
Batting: RHB Zach Shaughnessy
|
0-0: Ground out 3-1 (Groundball, 34S, EV 82.5 MPH)
|
Top of the 2nd over - 0 runs, 1 hit, 0 errors, 1 left on base; Corpus Christi 0 - Midland 0 |
BOTTOM OF THE 2ND |
Midland RockHounds batting - Pitching for Corpus Christi Hooks : RHP Ricardo Acosta
|
Batting: LHB John Shults
|
0-0: Ball 1-0: SINGLE (Line Drive, 4D, EV 98.8 MPH)
|
Batting: LHB Chance Stever
|
0-0: Ball 1-0: Ball 2-0: Ball 3-0: Called Strike 3-1: Foul Ball, location: 2F 3-2: Foul Ball, location: 2F 3-2: Base on Balls John Shults to second
|
Batting: RHB Trevor Conklin
|
0-0: Grounds into double play, 6-4-3 (Groundball, 6, EV 79.4 MPH) John Shults to third
|
Batting: RHB Zack DiCicco
|
0-0: Ball 1-0: Ball 2-0: Called Strike 2-1: DOUBLE (Line Drive, 78M, EV 100.0 MPH) John Shults scores
|
Batting: RHB Fathi Addae
|
0-0: Ball 1-0: Foul Ball, location: 2F 1-1: Ball 2-1: Swinging Strike 2-2: Ball 3-2: Base on Balls
|
Batting: RHB Bastiaan Leenders
|
0-0: Fly out, F6 (Popup, 6M, EV 51.3 MPH)
|
Bottom of the 2nd over - 1 run, 2 hits, 0 errors, 2 left on base; Corpus Christi 0 - Midland 1 |
TOP OF THE 3RD |
Corpus Christi Hooks batting - Pitching for Midland RockHounds : RHP Mike Staley
|
Batting: RHB Ray Finkle
|
0-0: Ball 1-0: Swinging Strike 1-1: Ball 2-1: Ground out U3 (Groundball, 3, EV 101.3 MPH)
|
Batting: RHB Antonio Aranda
|
0-0: Called Strike 0-1: Ball 1-1: Swinging Strike 1-2: Foul Ball, location: 2F 1-2: Ball 2-2: Strikes out swinging
|
Batting: RHB Antonio Gamez
|
0-0: Called Strike 0-1: Ball 1-1: Foul Ball, location: 2F 1-2: Strikes out swinging
|
Top of the 3rd over - 0 runs, 0 hits, 0 errors, 0 left on base; Corpus Christi 0 - Midland 1 |
BOTTOM OF THE 3RD |
Midland RockHounds batting - Pitching for Corpus Christi Hooks : RHP Ricardo Acosta
|
Batting: RHB Mario Ramos
|
0-0: Bunted foul 0-1: SINGLE (Groundball, 5L, EV 100.0 MPH)
|
Batting: RHB Josh Sinden
|
0-0: Ball 1-0: Ball 2-0: Ball 3-0: Base on Balls Mario Ramos to second
|
Batting: RHB Kevin Wiles
|
0-0: Called Strike 0-1: Called Strike 0-2: Strikes out swinging
|
Batting: LHB John Shults
|
0-0: Ball 1-0: Called Strike 1-1: Swinging Strike 1-2: Ball 2-2: DOUBLE (Line Drive, 78XD, EV 109.4 MPH) Mario Ramos scores Josh Sinden to third Runner from 3rd tries for Home, SAFE, no throw by CF
|
Batting: LHB Chance Stever
|
0-0: Ball 1-0: Foul Ball, location: 2F 1-1: Ground out 6-3 (Groundball, 6, EV 99.4 MPH)
|
Batting: RHB Trevor Conklin
|
0-0: Foul Ball, location: 2F 0-1: Ball 1-1: Called Strike 1-2: Foul Ball, location: 2F 1-2: Foul Ball, location: 2F 1-2: Ball 2-2: SINGLE (Line Drive, 34, EV 109.4 MPH) John Shults to third
|
Batting: RHB Zack DiCicco
|
0-0: Ball 1-0: Ball 2-0: Called Strike 2-1: SINGLE (Flyball, 56D, EV 85.6 MPH) John Shults scores Trevor Conklin to second
|
Batting: RHB Fathi Addae
|
0-0: Ball 1-0: Ball 2-0: Called Strike 2-1: Foul Ball, location: 2F 2-2: Foul Ball, location: 2F 2-2: Strikes out looking
|
Bottom of the 3rd over - 3 runs, 4 hits, 0 errors, 2 left on base; Corpus Christi 0 - Midland 4 |
TOP OF THE 4TH |
Corpus Christi Hooks batting - Pitching for Midland RockHounds : RHP Mike Staley
|
Batting: LHB Angelo Vasquez
|
0-0: Called Strike 0-1: Ball 1-1: Fly out, F7 (Flyball, 7S, EV 88.1 MPH)
|
Batting: LHB Sean Trueblood
|
0-0: Swinging Strike 0-1: Ball 1-1: Foul Ball, location: 2F 1-2: Ball 2-2: Foul Ball, location: 2F 2-2: Strikes out swinging
|
Batting: LHB Daniel Lopez
|
0-0: Ball 1-0: Called Strike 1-1: Called Strike 1-2: Foul Ball, location: 2F 1-2: Ball 2-2: Ball 3-2: Foul Ball, location: 2F 3-2: Strikes out swinging
|
Top of the 4th over - 0 runs, 0 hits, 0 errors, 0 left on base; Corpus Christi 0 - Midland 4 |
BOTTOM OF THE 4TH |
Midland RockHounds batting - Pitching for Corpus Christi Hooks : RHP Ricardo Acosta
|
Batting: RHB Bastiaan Leenders
|
0-0: Ball 1-0: Called Strike 1-1: Foul Ball, location: 2F 1-2: Ball 2-2: Foul Ball, location: 2F 2-2: Foul Ball, location: 2F 2-2: Foul Ball, location: 2F 2-2: Ball 3-2: Foul Ball, location: 2F 3-2: Foul Ball, location: 2F 3-2: Foul Ball, location: 2F 3-2: Fly out, F7 (Flyball, 7LM, EV 81.9 MPH)
|
Batting: RHB Mario Ramos
|
0-0: Called Strike 0-1: Swinging Strike 0-2: Ball 1-2: Foul Ball, location: 2F 1-2: Ball 2-2: Ball 3-2: Strikes out swinging
|
Batting: RHB Josh Sinden
|
0-0: Swinging Strike 0-1: SINGLE (Line Drive, 6MD, EV 93.8 MPH)
|
Batting: RHB Kevin Wiles
|
0-0: Ball Josh Sinden steals 2nd base 1-0: Called Strike 1-1: Ground out U3 (Groundball, 3, EV 101.3 MPH)
|
Bottom of the 4th over - 0 runs, 1 hit, 0 errors, 1 left on base; Corpus Christi 0 - Midland 4 |
TOP OF THE 5TH |
Corpus Christi Hooks batting - Pitching for Midland RockHounds : RHP Mike Staley
|
Pitching: RHP Aaron McKinney
|
|
Batting: RHB Jim Huff
|
0-0: Called Strike 0-1: Foul Ball, location: 2F 0-2: Hit by Pitch
|
Batting: RHB Chris McGrath
|
0-0: Ball 1-0: Ball 2-0: SINGLE (Line Drive, 8LS, EV 98.8 MPH) Jim Huff to second
|
Batting: RHB Zach Shaughnessy
|
0-0: Called Strike 0-1: Ball 1-1: Called Strike 1-2: Strikes out swinging
|
Batting: RHB Ray Finkle
|
0-0: Swinging Strike 0-1: Ball 1-1: Swinging Strike 1-2: Ball 2-2: Foul Ball, location: 2F 2-2: Ball 3-2: Strikes out looking
|
Batting: RHB Antonio Aranda
|
0-0: Called Strike 0-1: Foul Ball, location: 2F 0-2: Strikes out swinging
|
Top of the 5th over - 0 runs, 1 hit, 0 errors, 2 left on base; Corpus Christi 0 - Midland 4 |
BOTTOM OF THE 5TH |
Midland RockHounds batting - Pitching for Corpus Christi Hooks : RHP Ricardo Acosta
|
Pitching: RHP Isaiah McLaurin
|
|
Batting: LHB John Shults
|
0-0: Ball 1-0: Ball 2-0: Foul Ball, location: 2F 2-1: Ball 3-1: Base on Balls
|
Batting: LHB Chance Stever
|
0-0: Called Strike 0-1: Ball 1-1: Ball 2-1: DOUBLE (Line Drive, 8LXD, EV 109.4 MPH) John Shults to third
|
Batting: RHB Trevor Conklin
|
0-0: Ball 1-0: Foul Ball, location: 2F 1-1: Called Strike 1-2: Ball 2-2: Foul Ball, location: 2F 2-2: Foul Ball, location: 2F 2-2: Foul Ball, location: 2F 2-2: Ground out 1-3 (Groundball, 34S, EV 68.8 MPH)
|
Batting: RHB Zack DiCicco
|
0-0: DOUBLE (Flyball, 89D, EV 92.5 MPH) John Shults scores Chance Stever scores
|
Batting: RHB Fathi Addae
|
0-0: Called Strike 0-1: Ball 1-1: Called Strike 1-2: SINGLE (Groundball, 34D, EV 98.1 MPH) Zack DiCicco to third Runner from 3rd tries for Home, SAFE, throw by RF to home
|
Batting: RHB Bastiaan Leenders
|
0-0: Foul Ball, location: 2F 0-1: Ball 1-1: SINGLE (Groundball, 6MD, EV 105.0 MPH) Fathi Addae to second
|
Batting: RHB Mario Ramos
|
0-0: Foul Ball, location: 2F 0-1: Hit by Pitch Fathi Addae to third Bastiaan Leenders to second
|
Batting: RHB Josh Sinden
|
0-0: Called Strike 0-1: Ball 1-1: Called Strike 1-2: Ball 2-2: Foul Ball, location: 2F 2-2: Foul Ball, location: 2F 2-2: Ball 3-2: Foul Ball, location: 2F 3-2: GRAND SLAM HOME RUN (Flyball, 7D, EV 104.4 MPH), Distance : 390 ft
|
Pitching: RHP Bill Garcia
|
|
Batting: RHB Kevin Wiles
|
0-0: Ground out 2-3 (Groundball, 2L, EV 60.0 MPH)
|
Batting: LHB John Shults
|
0-0: Ball 1-0: Foul Ball, location: 2F 1-1: Fly out, F8 (Flyball, 89M, EV 80.6 MPH)
|
Bottom of the 5th over - 7 runs, 5 hits, 0 errors, 0 left on base; Corpus Christi 0 - Midland 11 |
TOP OF THE 6TH |
Corpus Christi Hooks batting - Pitching for Midland RockHounds : RHP Aaron McKinney
|
Batting: RHB Antonio Gamez
|
0-0: Called Strike 0-1: Ball 1-1: Ball 2-1: Swinging Strike 2-2: Foul Ball, location: 2F 2-2: Strikes out swinging, 2-3 out at first.
|
Batting: LHB Angelo Vasquez
|
0-0: Ball 1-0: Ball 2-0: Ball 3-0: Called Strike 3-1: Base on Balls
|
Batting: LHB Sean Trueblood
|
0-0: Called Strike 0-1: Ball 1-1: Swinging Strike 1-2: Foul Ball, location: 2F 1-2: Strikes out swinging
|
Batting: LHB Daniel Lopez
|
0-0: Called Strike 0-1: Ball 1-1: Ball 2-1: Fly out, F7 (Flyball, 78D, EV 104.4 MPH)
|
Top of the 6th over - 0 runs, 0 hits, 0 errors, 1 left on base; Corpus Christi 0 - Midland 11 |
BOTTOM OF THE 6TH |
Midland RockHounds batting - Pitching for Corpus Christi Hooks : RHP Bill Garcia
|
Batting: LHB Chance Stever
|
0-0: Called Strike 0-1: Ground out 4-3 (Groundball, 4, EV 85.0 MPH)
|
Batting: RHB Trevor Conklin
|
0-0: Ball 1-0: Ball 2-0: Called Strike 2-1: SINGLE (Groundball, 4MS, EV 86.3 MPH) (infield hit)
|
Batting: RHB Zack DiCicco
|
0-0: 2-RUN HOME RUN (Line Drive, 78XD, EV 101.3 MPH), Distance : 411 ft
|
Batting: RHB Fathi Addae
|
0-0: Ball 1-0: Ball 2-0: Called Strike 2-1: Swinging Strike 2-2: Strikes out looking
|
Batting: RHB Bastiaan Leenders
|
0-0: Swinging Strike 0-1: Ball 1-1: Ball 2-1: Ball 3-1: Called Strike 3-2: Base on Balls
|
Batting: RHB Mario Ramos
|
0-0: Fielders Choice at 2nd, 6-4 (Groundball, 6, EV 106.3 MPH)
|
Bottom of the 6th over - 2 runs, 2 hits, 0 errors, 1 left on base; Corpus Christi 0 - Midland 13 |
TOP OF THE 7TH |
Corpus Christi Hooks batting - Pitching for Midland RockHounds : RHP Aaron McKinney
|
Batting: RHB Jim Huff
|
0-0: Ball 1-0: Ball 2-0: Called Strike 2-1: Ball 3-1: Base on Balls
|
Pitching: LHP Sean Zech
|
|
Batting: RHB Chris McGrath
|
0-0: Foul Ball, location: 2F 0-1: Ball 1-1: Ball 2-1: Foul Ball, location: 2F 2-2: Ball 3-2: Foul Ball, location: 2F 3-2: Strikes out looking
|
Batting: RHB Zach Shaughnessy
|
0-0: Ball 1-0: Ball 2-0: Called Strike 2-1: Foul Ball, location: 2F 2-2: Foul Ball, location: 2F 2-2: Foul Ball, location: 2F 2-2: Strikes out swinging
|
Batting: RHB Ray Finkle
|
0-0: Ball 1-0: Foul Ball, location: 2F 1-1: Ball 2-1: Foul Ball, location: 2F 2-2: Foul Ball, location: 2F 2-2: Foul Ball, location: 2F 2-2: Foul Ball, location: 2F 2-2: Ball 3-2: Foul Ball, location: 2F 3-2: Foul Ball, location: 2F 3-2: Strikes out looking
|
Top of the 7th over - 0 runs, 0 hits, 0 errors, 1 left on base; Corpus Christi 0 - Midland 13 |
BOTTOM OF THE 7TH |
Midland RockHounds batting - Pitching for Corpus Christi Hooks : RHP Bill Garcia
|
Batting: RHB Josh Sinden
|
0-0: SINGLE (Line Drive, 56, EV 95.6 MPH)
|
Pinch Hitting: RHB Jonathan Gallup
|
0-0: Called Strike 0-1: Foul Ball, location: 2F 0-2: Strikes out swinging
|
Batting: LHB John Shults
|
0-0: Ball 1-0: Ball 2-0: Ball 3-0: SINGLE (Groundball, 34D, EV 102.5 MPH) Josh Sinden to second
|
Batting: LHB Chance Stever
|
0-0: Ball 1-0: Called Strike 1-1: Swinging Strike 1-2: Fly out, F8 (Flyball, 8LS, EV 81.3 MPH)
|
Batting: RHB Trevor Conklin
|
0-0: Ball 1-0: Foul Ball, location: 2F 1-1: Fly out, F5 (Popup, 56S, EV 84.4 MPH)
|
Bottom of the 7th over - 0 runs, 2 hits, 0 errors, 2 left on base; Corpus Christi 0 - Midland 13 |
TOP OF THE 8TH |
Corpus Christi Hooks batting - Pitching for Midland RockHounds : LHP Sean Zech
|
Now at 1B: Jonathan Gallup
|
|
Batting: RHB Antonio Aranda
|
0-0: Ball 1-0: Called Strike 1-1: Ball 2-1: Called Strike 2-2: Strikes out swinging
|
Batting: RHB Antonio Gamez
|
0-0: Ball 1-0: Foul Ball, location: 2F 1-1: Swinging Strike 1-2: Strikes out swinging
|
Batting: LHB Angelo Vasquez
|
0-0: Ball 1-0: Called Strike 1-1: Ball 2-1: Foul Ball, location: 2F 2-2: Foul Ball, location: 2F 2-2: Strikes out swinging
|
Top of the 8th over - 0 runs, 0 hits, 0 errors, 0 left on base; Corpus Christi 0 - Midland 13 |
BOTTOM OF THE 8TH |
Midland RockHounds batting - Pitching for Corpus Christi Hooks : RHP Bill Garcia
|
Batting: RHB Zack DiCicco
|
0-0: Called Strike 0-1: Ball 1-1: SINGLE (Line Drive, 8LM, EV 96.3 MPH)
|
Pinch Hitting: RHB Justin Menotti
|
0-0: Called Strike 0-1: Fielders Choice at 2nd, 4-6 (Groundball, 34, EV 82.5 MPH)
|
Batting: RHB Bastiaan Leenders
|
0-0: Called Strike 0-1: Called Strike 0-2: Strikes out swinging
|
Batting: RHB Mario Ramos
|
0-0: Fielders Choice at 2nd, 6-4 (Groundball, 6, EV 85.0 MPH)
|
Bottom of the 8th over - 0 runs, 1 hit, 0 errors, 1 left on base; Corpus Christi 0 - Midland 13 |
TOP OF THE 9TH |
Corpus Christi Hooks batting - Pitching for Midland RockHounds : LHP Sean Zech
|
Now at 2B: Zack DiCicco
|
|
Now at 3B: Justin Menotti
|
|
Batting: LHB Sean Trueblood
|
0-0: Ground out 4-3 (Groundball, 4, EV 92.5 MPH)
|
Batting: LHB Daniel Lopez
|
0-0: Ball 1-0: Called Strike 1-1: Ball 2-1: Fly out, F7 (Flyball, 7, EV 91.3 MPH)
|
Batting: RHB Jim Huff
|
0-0: Foul Ball, location: 2F 0-1: Foul Ball, location: 2F 0-2: Ball 1-2: Ball 2-2: Strikes out swinging
|
Top of the 9th over - 0 runs, 0 hits, 0 errors, 0 left on base; Corpus Christi 0 - Midland 13 |
|